 Dungeon Crawl Stone Soup version 0.17-a0-1368-g6ab37f2 (webtiles) character file.

207 HEYYEYAAE the Gusty (level 6, -5/43 HPs)
             Began as a Human Air Elementalist on June 12, 2015.
             Killed by divine providence
             ... invoked by an orc priest
              (15 damage)
             ... on level 4 of the Dungeon.
             The game lasted 00:04:20 (2519 turns).

HEYYEYAAE the Gusty (Human Air Elementalist)        Turns: 2519, Time: 00:04:20

Health: -5/43      AC:  3    Str:  8    XL:     6   Next: 10%
Magic:  0/11       EV: 12    Int: 18    God:
Gold:   210        SH:  0    Dex: 13    Spells: 2 memorised, 7 levels left

rFire  . . .     SeeInvis .     d - +0 short sword
rCold  . . .     Clarity  .     a - +0 robe
rNeg   . . .     SustAt   .     (no shield)
rPois  .         Gourm    .     (no helmet)
rElec  .         Spirit   .     (no cloak)
rCorr  .         Warding  .     e - +0 pair of gloves
rMut   .         Stasis   .     (no boots)
MR     .....                    (no amulet)
Stlth  ++........               (no ring)
                                (no ring)

@: very slightly contaminated, not resistant to hostile enchantments, unstealthy
A: no striking features
a: no special abilities


You were on level 4 of the Dungeon.
You were not hungry.

You visited 1 branch of the dungeon, and saw 4 of its levels.

You collected 210 gold pieces.

Inventory:

Hand weapons
 d - a +0 short sword (weapon)
Armour
 a - a +0 robe (worn)
 e - a +0 pair of gloves (worn)
Scrolls
 f - 2 scrolls of fear {unknown}
 h - a scroll of noise {unknown}
 j - 3 scrolls of identify {unknown}
 n - a scroll of immolation {unknown}
 o - a scroll of remove curse {unknown}
 p - a scroll of fog {unknown}
 q - a scroll of recharging {unknown}
Potions
 k - a potion of might {unknown}
 l - a potion of mutation {unknown}
 m - a potion of beneficial mutation {unknown}
 s - a potion of poison {unknown}
Books
 b - a book of Air

   Spells                             Type                      Level
   a - Shock                          Conjuration/Air              1
   b - Swiftness                      Charms/Air                   2
   c - Repel Missiles                 Charms/Air                   2
   d - Static Discharge               Conjuration/Air              3
   e - Lightning Bolt                 Conjuration/Air              5
Comestibles
 c - 4 bread rations
 g - a meat ration
 i - a royal jelly
 r - a slice of pizza
 t - 2 chunks of flesh


   Skills:
 + Level 1.4 Fighting
 + Level 1.4 Armour
 + Level 2.4 Dodging
 - Level 2.0 Stealth
 * Level 3.3 Spellcasting
 * Level 2.3 Conjurations
 * Level 4.0 Air Magic


You had 7 spell levels left.
You knew the following spells:

 Your Spells              Type           Power        Failure   Level  Hunger
a - Shock                 Conj/Air       ##..         4%          1    None
b - Static Discharge      Conj/Air       ##......     14%         3    ###....


Dungeon Overview and Level Annotations

Branches:
Dungeon (4/15)
 Temple: D:4-7

Altars:
Cheibriados
Makhleb
Okawaru
Qazlal
Sif Muna


Message History

Aiming: Shock
Press: ? - help, Shift-Dir - straight line, f/p - orc priest
Aim: an orc priest, wielding a dagger (heavily wounded)
The zap hits the orc priest.
The orc priest is heavily wounded.
The orc priest calls down the wrath of Beogh upon you.
Something smites you!
* * * LOW HITPOINT WARNING * * *
You hear a shout!
Casting: Shock
Confirm with . or Enter, or press ? or * to list all spells.
Aiming: Shock
Press: ? - help, Shift-Dir - straight line, f/p - orc priest
Aim: an orc priest, wielding a dagger (heavily wounded)
The zap hits the orc priest.
The orc priest is severely wounded.
You hear a shout!
The orc priest invokes the aid of Beogh against you.
Something smites you!
You die...

. ♣.P.♣♣ +... ##
♣P..P♣ ##.# .. #.##
#....# #..# #. #.
... ##..#####.. #.
# #.##.####.#
#†....oo.o. ...#
#.........#
#.#...#..Z. ##...
##.........#
#)##### .. #.##
...........# #o# #
#........####@# #
#>............#
#.......####..#
#.......# #..#
###'#####
#..#######
#.########........#
#.#..........####.#
#.##.#####.#.# #.#
######.##.# #.#.#
#.#


You could see an orc priest.

Vanquished Creatures
  Ijyb (D:2)
  An orc priest (D:4)
  A worker ant (D:4)
  4 adders
  An ooze (D:3)
  A worm (D:2)
  5 giant geckos
  5 orcs
  2 ball pythons (D:1)
  4 goblins
  7 hobgoblins
  4 jackals (D:2)
  12 kobolds
  5 bats
  10 giant cockroaches
  A giant gecko skeleton (D:4)
  2 quokkas
  A quokka skeleton (D:4)
  8 rats
75 creatures vanquished.

Notes
Turn   | Place    | Note
--------------------------------------------------------------
     0 | D:1      | HEYYEYAAE the Human Air Elementalist began the quest for the Orb.
     0 | D:1      | Reached XP level 1. HP: 13/13 MP: 3/3
   212 | D:1      | Reached XP level 2. HP: 19/19 MP: 3/5
   552 | D:1      | Reached XP level 3. HP: 7/24 MP: 3/6
   871 | D:2      | Reached skill level 1 in Fighting
  1004 | D:2      | Noticed Ijyb
  1048 | D:2      | Killed Ijyb
  1048 | D:2      | Reached skill level 1 in Armour
  1048 | D:2      | Reached XP level 4. HP: 17/32 MP: 0/8
  1049 | D:2      | Found a faded altar to an unknown god.
  1459 | D:3      | Found a burning altar of Makhleb.
  1548 | D:3      | Reached XP level 5. HP: 37/37 MP: 5/9
  1567 | D:3      | Learned a level 3 spell: Static Discharge
  1591 | D:3      | Found an iron altar of Okawaru.
  2111 | D:4      | Found a deep blue altar of Sif Muna.
  2170 | D:4      | Found a stormy altar of Qazlal.
  2233 | D:4      | Found a snail-covered altar of Cheibriados.
  2465 | D:4      | Reached skill level 4 in Air Magic
  2513 | D:4      | Reached XP level 6. HP: 43/43 MP: 6/11
  2519 | D:4      | Killed from afar by an orc priest

Vault maps used:
D:1:      shiori_shiawase, serial_bayou_lagoon_b
D:2:      ecumenical_altar_2, kennysheep_generic_room_5, uniq_iyjb
D:3:      lemuel_crystal_altar, bloody_makhleb, first_bread
D:4:      old_standard_altar, overflow_temple_1_default, cheibriados_altar_1,
          lemuel_statue_altar, uniq_grinder, uniq_crazy_yiuf_cottage

Action                   |  1- 3 |  4- 6 || total
-------------------------+-------+-------++-------
Melee: Unarmed           |    12 |       ||    12
       Short sword       |    69 |    46 ||   115
 Cast: Shock             |    45 |    83 ||   128
  Use: Potion            |     3 |       ||     3
 Stab: Sleeping          |     5 |     4 ||     9
       Invisible         |     3 |       ||     3
  Eat: Chunk             |     1 |     5 ||     6
